 Dungeon Crawl Stone Soup version 0.21.0-3-g78d12a8 (webtiles) character file.

132833 Faca the Bludgeoner (level 17, -1/113 HPs)
             Began as a Gargoyle Fighter on Jan 17, 2018.
             Was the Champion of the Shining One.
             Slain by a sea snake (5 damage)
             ... on level 4 of the Shoals.
             The game lasted 01:24:33 (35770 turns).

Faca the Bludgeoner (Gargoyle Fighter)             Turns: 35770, Time: 01:24:34

Health: -1/113     AC: 40    Str: 24    XL:     17   Next: 13%
Magic:  24/24      EV:  7    Int:  8    God:    the Shining One [******]
Gold:   1468       SH: 14    Dex: 14    Spells: 16/16 levels left

rFire    + . .     SeeInvis .   D - +0 morningstar
rCold    + . .     Gourm    +   c - +0 shield
rNeg     + + +     Faith    .   O - +4 plate armour {rF+}
rPois    ∞         Spirit   .   q - +2 helmet
rElec    +         Reflect  .   E - scarf {repulsion}
rCorr    .         Harm     .   b - +0 pair of gloves
MR       +....                  K - +1 pair of boots
Stlth    ..........             e - amulet of the gourmand
HPRegen  0.28/turn              B - +3 ring of dexterity
MPRegen  0.19/turn              J - ring of protection from cold

@: flying, glowing, repel missiles
A: big wings, clumsy 1, negative energy resistance 1, electricity resistance,
unbreathing, petrification resistance, rot immunity, AC +12
a: Stop Flying, Divine Shield, Cleansing Flame, Summon Divine Warrior, Brand
Weapon With Holy Wrath, Renounce Religion


You were on level 4 of the Shoals.
You worshipped the Shining One.
The Shining One was exalted by your worship.
You were very full.

You visited 5 branches of the dungeon, and saw 27 of its levels.
You also visited: Volcano.

You collected 2019 gold pieces.
You spent 551 gold pieces at shops.

Inventory:

Hand Weapons
 C - the +11 war axe "Mauscheha" {chop, rElec Int+4 Dex+3}
   (You found it on level 4 of the Lair of Beasts)

   It inflicts extra damage upon your enemies.
   It affects your intelligence (+4).
   It affects your dexterity (+3).
   It insulates you from electricity.
 D - a +0 morningstar (weapon)
Armour
 b - a +0 pair of gloves (worn)
 c - a +0 shield (worn)
 q - a +2 helmet (worn)
 u - a +0 hat of magic resistance
 w - a +2 large shield
 E - a scarf of repulsion (worn)
 K - a +1 pair of boots (worn)
 O - a +4 plate armour of fire resistance (worn)
Jewellery
 a - an uncursed ring of protection from fire
 e - an amulet of the gourmand (around neck)
 B - a +3 ring of dexterity (left hand)
 J - a ring of protection from cold (right hand)
Wands
 n - a wand of iceblast (21)
 s - a wand of paralysis (49)
 L - a wand of scattershot (3)
 N - a wand of disintegration (19)
 P - a wand of acid (7)
 S - a wand of digging (12)
Scrolls
 g - 3 scrolls of immolation
 h - 2 scrolls of silence
 i - 3 scrolls of enchant weapon
 k - 3 scrolls of fear
 m - 11 scrolls of teleportation
 y - 12 scrolls of remove curse
 A - 6 scrolls of fog
 F - a scroll of holy word
 M - 2 scrolls of magic mapping {unknown}
 Q - a scroll of enchant armour
 R - a scroll of summoning
Potions
 d - 3 potions of brilliance
 j - 3 potions of curing
 l - 2 potions of cancellation
 o - 2 potions of magic
 p - 2 potions of flight
 r - 3 potions of mutation
 t - a potion of resistance
 v - a potion of invisibility {unknown}
 x - 5 potions of lignification
 G - a potion of ambrosia
 H - a potion of haste
Comestibles
 f - 37 rations


   Skills:
 + Level 15.0 Fighting
 * Level 17.7 Maces & Flails
 + Level 13.8 Armour
 + Level 13.7 Shields
 - Level 10.1 Invocations


You had 16 spell levels left.
You didn't know any spells.

Dungeon Overview and Level Annotations

Branches:
Dungeon (14/15)            Temple (1/1) D:7            Lair (6/6) D:8
 Shoals (4/4) Lair:3       Spider (0/4) Lair:2          Orc (2/2) D:9
    Elf (0/3) Orc:2        Vaults (0/5) D:13
  Slime: Lair:5-6

Altars:
Ashenzari
Cheibriados
Dithmenos
Elyvilon
Fedhas
Gozag
Hepliaklqana
Kikubaaqudgha
Makhleb
Nemelex Xobeh
Okawaru
Qazlal
Ru
Sif Muna
Trog
Uskayaw
Vehumet
Wu Jian
Xom
Yredelemnul
Zin
The Shining One
Beogh
Lugonu

Shops:
D:13 }   Orc:2 *:?:   Shoals:2 ?   Shoals:3 *?

Annotations:
D:9 1 transporter
Lair:5 exclusion: oklob plant
Shoals:4 Ilsuiw, Louise


Innate Abilities, Weirdness & Mutations

You are resistant to torment.
Your stone body is resilient. (AC +12)
You are immune to poison.
Your large and strong wings let you fly indefinitely.
You resist negative energy. (rN+)
You are resistant to electric shocks. (rElec)
You can survive without breathing.
You are immune to petrification.
You are immune to rotting.
You are clumsy. (Dex -2)


Message History

* * * LOW HITPOINT WARNING * * *
The harpy claws you but does no damage. You block the harpy's attack.
You feel better.
The harpy screeches! x4
The harpy claws you but does no damage. You block the harpy's attack.
The harpy completely misses you. The harpy claws you.
* * * LOW HITPOINT WARNING * * *
You block the harpy's attack. The harpy barely misses you.
The harpy claws you but does no damage. You block the harpy's attack.
The sea snake bites you! The Shining One protects you from harm!
The harpy claws you but does no damage. The harpy barely misses you.
The harpy claws you!
* * * LOW HITPOINT WARNING * * *
The harpy claws you but does no damage.
You feel better. The harpy closely misses you. You block the harpy's attack. x3
The harpy claws you.
* * * LOW HITPOINT WARNING * * *
The harpy claws you but does no damage. The sea snake bites you.
You die...

≈≈.....≈≈...≈..≈≈...≈≈≈≈
......≈≈≈≈≈≈≈≈..≈≈≈≈≈≈≈≈
........≈≈≈≈≈≈≈≈≈≈≈≈≈≈≈≈≈≈≈
######...≈≈≈≈≈≈≈≈≈≈≈≈≈≈≈≈≈≈≈
##..≈....≈≈≈≈≈≈≈≈≈≈≈≈≈≈≈ ####
##.......≈≈≈≈≈≈≈≈≈≈≈≈≈≈
....###..≈.##..≈≈≈H.≈≈≈≈≈≈≈≈≈
........P≈P.##.SH≈...≈≈≈≈≈≈≈≈
........PP≈....H@H...≈≈≈≈≈≈≈≈
...#..P≈PP≈≈≈...<)...≈≈≈≈≈≈≈≈
## ###.PPP≈≈≈..)####....≈≈≈≈≈
#...PP≈≈..)####....≈≈≈≈≈≈
#....≈≈≈...........≈≈≈≈≈≈#
##....≈≈...........≈≈≈≈≈≈#
###.............≈≈≈≈≈≈≈≈#
#.....≈.≈≈..≈..P≈≈≈≈≈≈#
##..≈P≈P≈≈≈≈≈≈≈.≈≈≈≈≈≈≈#


You could see a sea snake and 4 harpies.

Vanquished Creatures
  Gastronok (D:9)
  Kirke (Lair:5)
  An orc warlord (Orc:2)
  A stone giant (Volcano)
  Nessos (Orc:2)
  2 merfolk javelineers
  5 merfolk impalers
  Erolcha (D:9)
  6 hydras
  The ghost of xorpalm the Skirmisher, a journeyman DrSk of Vehumet (D:9)
  2 vault guards (D:13)
  Erica (D:10)
  A catoblepas (Lair:6)
  A merfolk avatar (Shoals:1)
  2 merfolk aquamancers
  An alligator snapping turtle (Shoals:2)
  The ghost of llamajesus the Basher, a novice MiFi of Okawaru (Lair:2)
  A centaur warrior (D:14)
  A queen ant (Lair:1)
  5 two-headed ogres
  2 satyrs
  10 orc high priests (Orc:2)
  Sonja (Lair:1)
  7 sea snakes
  5 skeletal warriors
  9 harpies
  4 necromancers (D:13)
  2 orc knights
  An orc sorcerer (Orc:1)
  8 ugly things
  3 cyclopes
  8 manticores
  4 fauns (Shoals:3)
  5 merfolk sirens
  6 black mambas
  15 elephants
  4 water nymphs
  2 centaur zombies (D:13)
  3 gargoyles
  A torpor snail (Lair:6)
  22 spiny frogs
  A kobold demonologist (D:14)
  A rime drake (Lair:3)
  4 komodo dragons
  An efreet (Volcano)
  A harpy zombie (D:14)
  2 tengu conjurers (D:14)
  5 trolls
  5 wind drakes
  27 merfolk
  A polar bear (Lair:5)
  9 slime creatures (D:13)
  5 tyrant leeches (Lair:6)
  5 snapping turtles
  33 blink frogs
  6 dream sheep
  8 hippogriffs
  3 vampires
  5 water elementals
  2 shadows
  Sigmund (D:6)
  2 fire elementals (Volcano)
  18 humans
  5 wyverns
  30 yaks
  8 fire bats
  3 hungry ghosts
  3 hogs (Lair:5)
  2 basilisks
  6 vampire mosquitoes
  2 steam dragons
  20 soldier ants (Lair:2)
  12 wargs
  6 water moccasins
  6 porcupines
  25 orc warriors
  3 sky beasts
  12 ice beasts
  5 phantoms
  A black bear (D:8)
  31 wolves (Lair:4)
  The ghost of aciddrop the Sneak, an amateur DrAs of Yredelemnul (D:5)
  10 ogres
  9 crocodiles
  7 centaurs
  A big kobold (D:14)
  26 bullfrogs
  A gnoll sergeant (D:8)
  A wyvern zombie (D:11)
  A wyvern skeleton (D:14)
  3 scorpions
  4 wights (D:8)
  2 electric eels
  6 howler monkeys
  2 vampire bats (D:4)
  8 lava snakes (Volcano)
  8 crimson imps
  2 bullfrog zombies
  The ghost of zephron84 the Sneak, a weakling SpAr (D:3)
  3 jellies
  3 bullfrog skeletons
  29 orc priests
  12 hounds
  15 orc wizards
  2 gnoll shamans
  5 iguanas
  22 worker ants
  A hound zombie (D:6)
  A howler monkey zombie (D:10)
  A worker ant zombie (D:5)
  18 adders
  14 gnolls
  2 shadow imps
  An ooze (D:5)
  An adder zombie (D:5)
  3 adder skeletons
  4 worms
  2 dart slugs
  9 leopard geckos
  93 orcs
  13 bats
  4 giant cockroaches
  8 goblins
  10 hobgoblins
  12 jackals
  7 kobolds
  7 quokkas
  A ball python (D:2)
  6 frilled lizards
  A leopard gecko skeleton (D:5)
  5 rats
891 creatures vanquished.

Vanquished Creatures (collateral kills)
  Saint Roka (Orc:2)
  The ghost of operationiv the Severer, a journeyman MiBe of Trog (D:12)
  A merfolk impaler (Shoals:2)
  A merfolk aquamancer (Shoals:2)
  A merfolk (Shoals:2)
5 creatures vanquished.

Vanquished Creatures (others)
  A human (Lair:6)
  An orc wizard (D:5)
  An adder (D:5)
  A leopard gecko (D:5)
  2 orcs
  17 fungi
  43 plants
  25 tentacles
91 creatures vanquished.

Grand Total: 987 creatures vanquished

Notes
Turn   | Place    | Note
-------+----------+-------------------------------------------
     0 | D:1      | Faca the Gargoyle Fighter began the quest for the Orb.
     0 | D:1      | Reached XP level 1. HP: 14/14 MP: 1/1
    89 | D:1      | Reached XP level 2. HP: 18/19 MP: 2/2
   948 | D:2      | Reached skill level 3 in Maces & Flails
   948 | D:2      | Reached XP level 3. HP: 24/24 MP: 3/3
  1033 | D:2      | Found an opulent altar of Gozag.
  1070 | D:2      | Found a shadowy altar of Dithmenos.
  1428 | D:3      | Reached XP level 4. HP: 29/29 MP: 4/4
  1455 | D:3      | Reached skill level 4 in Maces & Flails
  1616 | D:3      | Reached XP level 5. HP: 29/34 MP: 5/5
  1857 | D:3      | Noticed zephron84's ghost (weakling SpAr)
  1883 | D:3      | Killed zephron84's ghost
  2061 | D:3      | Found a glowing golden altar of the Shining One.
  2061 | D:3      | Found a snail-covered altar of Cheibriados.
  2138 | D:3      | Became a worshipper of the Shining One
  2426 | D:4      | Reached skill level 5 in Maces & Flails
  2426 | D:4      | Reached XP level 6. HP: 30/40 MP: 6/6
  2525 | D:4      | Reached skill level 5 in Fighting
  2707 | D:4      | Found a shattered altar of Ashenzari.
  3031 | D:4      | Reached skill level 6 in Maces & Flails
  3031 | D:4      | Reached XP level 7. HP: 37/44 MP: 7/7
  3179 | D:4      | Found a basalt altar of Yredelemnul.
  3283 | D:4      | Found a blossoming altar of Fedhas.
  3361 | D:4      | Found a radiant altar of Vehumet.
  3605 | D:5      | Entered Level 5 of the Dungeon
  3662 | D:5      | Reached skill level 7 in Maces & Flails
  3861 | D:5      | Found a shimmering altar of Xom.
  3861 | D:5      | Noticed aciddrop's ghost (amateur DrAs)
  3872 | D:5      | Killed aciddrop's ghost
  3872 | D:5      | Reached * piety under the Shining One
  3872 | D:5      | Reached XP level 8. HP: 44/52 MP: 8/8
  4031 | D:5      | Found a stormy altar of Qazlal.
  4213 | D:5      | Found an ancient bone altar of Kikubaaqudgha.
  4272 | D:5      | Reached skill level 8 in Maces & Flails
  4769 | D:6      | Noticed Sigmund
  4785 | D:6      | Killed Sigmund
  4843 | D:6      | Reached skill level 9 in Maces & Flails
  4931 | D:6      | Reached ** piety under the Shining One
  5157 | D:5      | Reached XP level 9. HP: 42/58 MP: 9/9
  6286 | D:7      | Found a staircase to the Ecumenical Temple.
  6317 | Temple   | Entered the Ecumenical Temple
  6445 | D:7      | Found a hazy altar of Hepliaklqana.
  6950 | D:7      | Reached skill level 5 in Armour
  6950 | D:7      | Reached skill level 5 in Shields
  7608 | D:8      | Found a staircase to the Lair.
  7784 | D:8      | Reached skill level 10 in Maces & Flails
  7834 | D:8      | Reached XP level 10. HP: 65/65 MP: 10/10
  8587 | D:9      | Noticed xorpalm's ghost (journeyman DrSk)
  8623 | D:9      | Found an ornate altar of the Wu Jian Council.
  8839 | D:9      | Reached *** piety under the Shining One
  9080 | D:9      | Noticed Erolcha
  9094 | D:9      | Killed Erolcha
  9312 | D:9      | Found a transporter.
  9318 | D:9      | Found a corrupted altar of Lugonu.
  9421 | D:9      | Noticed Gastronok
  9436 | D:9      | Killed Gastronok
  9436 | D:9      | Reached skill level 10 in Fighting
  9436 | D:9      | Reached XP level 11. HP: 72/72 MP: 11/11
  9699 | D:9      | Found a staircase to the Orcish Mines.
  9830 | D:9      | Killed xorpalm's ghost
  9830 | D:9      | Reached skill level 11 in Maces & Flails
  9971 | D:10     | Entered Level 10 of the Dungeon
 10134 | D:10     | Noticed Erica
 10156 | D:10     | Killed Erica
 10283 | D:10     | Noticed a two-headed ogre
 10301 | D:10     | Killed a two-headed ogre
 10449 | D:10     | Reached skill level 1 in Invocations
 10805 | D:10     | Noticed a two-headed ogre
 10810 | D:10     | Killed a two-headed ogre
 11330 | D:11     | Got a sparkling iron ring
 11331 | D:11     | Identified the ring of the Ancients {rPois Int+3 Stlth+} (You found it on level 11 of the Dungeon)
 11503 | D:11     | Noticed a skeletal warrior
 11503 | D:11     | Noticed a skeletal warrior
 11503 | D:11     | Noticed a skeletal warrior
 11594 | D:10     | Killed a skeletal warrior
 11807 | Lair:1   | Entered Level 1 of the Lair of Beasts
 11879 | Lair:1   | Noticed Sonja
 12454 | Lair:1   | Killed Sonja
 12476 | Lair:1   | Reached XP level 12. HP: 80/80 MP: 14/14
 12662 | Lair:1   | Reached skill level 12 in Maces & Flails
 12891 | Lair:2   | Noticed llamajesus's ghost (novice MiFi)
 12932 | Lair:2   | Killed llamajesus's ghost
 13096 | Lair:2   | Found a hole to the Spider Nest.
 13376 | Lair:2   | Reached **** piety under the Shining One
 13379 | Lair:2   | Noticed a queen ant
 13427 | Lair:1   | Killed a queen ant
 14724 | Lair:3   | Noticed a seven-headed hydra
 14936 | Lair:3   | Found a frozen archway.
 14963 | Lair:3   | Reached skill level 5 in Invocations
 15233 | Lair:3   | Found a staircase to the Shoals.
 15357 | Lair:3   | Killed a seven-headed hydra
 15595 | Lair:3   | Reached skill level 13 in Maces & Flails
 15736 | Lair:3   | Reached skill level 10 in Shields
 15741 | Lair:3   | Reached XP level 13. HP: 76/85 MP: 17/17
 15792 | Lair:3   | Reached skill level 10 in Armour
 16447 | Lair:4   | Found a dark tunnel.
 16469 | Volcano  | Entered a volcano
 16636 | Volcano  | Noticed a stone giant
 16658 | Volcano  | Killed a stone giant
 16823 | Volcano  | Found a bloodstained altar of Trog.
 17154 | Lair:4   | Got a fine war axe
 17155 | Lair:4   | Identified the +11 war axe "Mauscheha" {chop, rElec Int+4 Dex+3} (You found it on level 4 of the Lair of Beasts)
 17643 | Lair:5   | Reached ***** piety under the Shining One
 17703 | Lair:5   | Reached skill level 14 in Maces & Flails
 18901 | Lair:6   | Entered Level 6 of the Lair of Beasts
 19089 | Lair:6   | Gained mutation: Your large and strong wings let you fly indefinitely. [Gargoyle growth]
 19089 | Lair:6   | Reached XP level 14. HP: 86/92 MP: 19/19
 20113 | Lair:6   | Noticed Kirke
 20263 | Lair:5   | Killed Kirke
 20533 | Lair:6   | Reached skill level 15 in Maces & Flails
 21935 | Orc:1    | Entered Level 1 of the Orcish Mines
 22537 | Orc:2    | Entered Level 2 of the Orcish Mines
 22589 | Orc:2    | Reached XP level 15. HP: 99/99 MP: 21/21
 22670 | Orc:2    | Found a staircase to the Elven Halls.
 22881 | Orc:2    | Reached ****** piety under the Shining One
 23481 | Orc:2    | Found Foeh's Magic Scroll Emporium.
 23481 | Orc:2    | Found Gaempapa's Book Shop.
 23559 | Orc:2    | Found a roughly hewn altar of Beogh.
 23593 | Orc:2    | Found Dyshruce's Assorted Antiques.
 23926 | Orc:2    | Gained mutation: You are clumsy. (Dex -2) [a neqoxec]
 23989 | Orc:2    | Found Vosaav's Book Shop.
 24518 | Orc:2    | Noticed Nessos
 24634 | Orc:2    | Killed Nessos
 24679 | Orc:2    | Noticed Saint Roka
 25398 | Orc:2    | Killed Saint Roka
 25894 | Orc:1    | Noticed an orc warlord
 25928 | Orc:2    | Killed an orc warlord
 26223 | D:11     | Reached skill level 16 in Maces & Flails
 26622 | D:12     | Noticed operationiv's ghost (journeyman MiBe)
 26913 | D:12     | Killed operationiv's ghost
 27333 | D:12     | Reached skill level 10 in Invocations
 28247 | D:13     | Found Siceqofep's Gadget Shoppe.
 28562 | D:13     | Reached XP level 16. HP: 106/106 MP: 23/23
 28986 | D:13     | Found a gate to the Vaults.
 30776 | Shoals:1 | Entered Level 1 of the Shoals
 31555 | Shoals:1 | Noticed a kraken
 31601 | Shoals:1 | Reached skill level 17 in Maces & Flails
 32285 | Shoals:2 | Found Nyjez's Magic Scroll Boutique.
 32301 | Shoals:2 | Bought a scroll of holy word for 135 gold pieces
 32301 | Shoals:2 | Bought a scroll of enchant armour for 135 gold pieces
 32301 | Shoals:2 | Bought a scroll of summoning for 171 gold pieces
 33248 | Shoals:2 | Noticed a kraken
 34483 | Shoals:3 | Found Icre's Magic Scroll Emporium.
 34492 | Shoals:3 | Bought a scroll of random uselessness for 13 gold pieces
 34492 | Shoals:3 | Bought a scroll of vulnerability for 97 gold pieces
 34918 | Shoals:3 | Reached XP level 17. HP: 104/112 MP: 24/24
 35019 | Shoals:3 | Found Qeetadde's Island Escapes.
 35333 | Shoals:4 | Entered Level 4 of the Shoals
 35333 | Shoals:4 | Noticed Ilsuiw
 35333 | Shoals:4 | Noticed Louise
 35622 | Shoals:4 | Reached skill level 15 in Fighting
 35768 | Shoals:4 | HP: 5/113 [sea snake (8)]
 35769 | Shoals:4 | The Shining One protects you from harm!
 35769 | Shoals:4 | HP: 1/113 [harpy (9)]
 35770 | Shoals:4 | Slain by a sea snake

Skill      XL: |  1  2  3  4  5  6  7  8  9 10 11 12 13 14 15 16 17 |
---------------+----------------------------------------------------+-----
Maces & Flails | 3 4 5 6 7 9 10 11 13 14 15 16 17 | 17.7
Fighting       | 4 5 6 7 8 10 11 12 13 14 15 | 15.0
Armour         | 5 7 8 9 11 12 13 | 13.8
Shields        | 5 7 8 10 11 12 13 | 13.7
Invocations    | 3 5 7 9 10 | 10.1

Action                   |  1- 3 |  4- 6 |  7- 9 | 10-12 | 13-15 | 16-18 || total
-------------------------+-------+-------+-------+-------+-------+-------++-------
Melee: Flail             |   138 |   205 |   410 |   841 |       |       ||  1594
       Morningstar       |       |       |       |    67 |  1954 |   963 ||  2984
Invok: Summon Divine War |       |       |       |       |     2 |     1 ||     3
 Abil: Fly               |       |       |       |       |       |     5 ||     5
       Stop Flying       |       |       |       |       |       |     4 ||     4
Evoke: Wand              |       |       |       |     6 |       |       ||     6
  Use: Scroll            |     7 |     4 |     2 |    10 |     2 |     2 ||    27
       Potion            |       |       |     1 |     4 |     4 |     3 ||    12
  Eat: Ration            |     1 |     2 |     4 |     5 |     2 |       ||    14
       Chunk             |       |       |     5 |     9 |    42 |    32 ||    88
Armor: Scale mail        |    74 |   105 |   102 |       |       |       ||   281
       Chain mail        |       |       |    92 |   406 |       |       ||   498
       Plate armour      |       |       |       |    34 |  1117 |   713 ||  1864
Dodge: Dodged            |    47 |    49 |   108 |   163 |   359 |   229 ||   955
       Deflected         |       |       |       |       |     9 |    15 ||    24
Block: Shield            |    73 |    87 |   182 |   481 |  1209 |   626 ||  2658
